 Dungeon Crawl Stone Soup version 0.29.0-15-g675c0067aa (webtiles) character file.

Game seed: 1387574434058116123

96 ILmort the Magician (level 4, -4/31 HPs)
             Began as a Djinni Fire Elementalist on Sept 11, 2022.
             Was an Initiate of Makhleb.
             Slain by a gnoll
             ... wielding a +0 halberd
              (13 damage)
             ... on level 4 of the Dungeon.
             The game lasted 00:08:12 (4157 turns).

ILmort the Magician (Djinni Fire Elementalist)      Turns: 4157, Time: 00:08:12

Health: -4/31      AC:  2    Str:  7    XL:     4   Next: 98%
Gold:   135        EV: 12    Int: 18    God:    Makhleb [......] SH:  0 Dex: 14

rFire   + + .      SeeInvis .   k - +0 rapier
rCold   x . .      Faith    .   (no shield)
rNeg    . . .      Spirit   .   a - +0 robe
rPois   ∞          Reflect  .   (no helmet)
rElec   .          Harm     .   (no cloak)
rCorr   .          Rampage  .   (no gloves)
Will    .....                   (boots unavailable)
Stlth   ++........              q - amulet of regeneration
HPRegen 0.90/turn               (no ring)
MPRegen 0.00/turn               (no ring)

@: flying
A: sickness immunity, fire resistance 2, cold vulnerability 1, float, innate
caster, HP casting, extra vitality 1
a: Renounce Religion


You were on level 4 of the Dungeon.
You worshipped Makhleb.
Makhleb was noncommittal.
You visited 1 branch of the dungeon, and saw 4 of its levels.

You collected 135 gold pieces.

Inventory:

Hand Weapons
 i - a +0 dagger
 k - a +0 rapier (weapon)
Armour
 a - a +0 robe (worn)
Jewellery
 j - an amulet of faith
 q - an amulet of regeneration (around neck)
Scrolls
 b - 2 scrolls of teleportation {unknown}
 d - 2 scrolls of amnesia {unknown}
 g - 2 scrolls of blinking {unknown}
 m - a scroll of butterflies {unknown}
 n - a scroll of immolation {unknown}
 o - a scroll of brand weapon {unknown}
 p - 2 scrolls of identify {unknown}
Potions
 c - 2 potions of curing {unknown}
 e - a potion of mutation {unknown}
 f - a potion of cancellation {unknown}
 h - a potion of heal wounds {unknown}
 l - a potion of haste {unknown}
 r - 2 potions of degeneration {unknown}


   Skills:
 - Level 2.1 Dodging
 - Level 1.5 Stealth
 + Level 4.1 Spellcasting


You couldn't memorise any spells.
You knew the following spells:

 Your Spells              Type           Power      Damage    Failure   Level
a - Foxfire               Conj/Fire      72%        2x1d7     2%          1
b - Scorch                Fire           36%        2d7       4%          2
c - Conjure Flame         Conj/Fire      18%        6-21      8%          3
d - Inner Flame           Hex/Fire       18%        N/A       8%          3
e - Flame Wave            Conj/Fire      18%        2d7       26%         4
f - Freeze                Ice            72%        1d9       2%          1
Your spell library was empty.

Dungeon Overview and Level Annotations

Branches:
Dungeon (4/15)
 Temple: D:4-7

Altars:
Elyvilon
Makhleb

Annotations:
D:3 2 transporters, hofbold's ghost, amateur MiBe


Innate Abilities, Weirdness & Mutations

You are immune to sickness and miasma.
You are immune to poison.
Your flesh is very heat resistant. (rF++)
You are vulnerable to cold. (rC-)
You float through the air rather than walking.
You learn spells naturally, not from books.
Your magical power is your life essence.
You have superior vitality. (+4 MHP)


Message History

You start resting.
You see here a jackal corpse.
Found a spear.
You reach down and open the door.
A hobgoblin comes into view.
Casting: Scorch (safe; 4% risk of failure) Flames lash the hobgoblin.
You kill the hobgoblin!
Makhleb accepts your kill.
You reach down and open the door.
A kobold, an orc and a gnoll come into view.
The orc is wielding a +2 mace of draining.
The orc shouts!
The kobold shouts!
The gnoll shouts!
Casting: Scorch (safe; 4% risk of failure) Flames lash the kobold.
You kill the kobold!
Makhleb accepts your kill.
The gnoll hits you from afar with a +0 halberd.
Casting: Scorch (safe; 4% risk of failure) Flames lash the gnoll.
The gnoll's fire resistance burns away.
The orc hits you with a +2 mace of draining.
The gnoll misses you.
Casting: Scorch (safe; 4% risk of failure) Flames lash the orc.
The orc's fire resistance burns away.
The orc hits you with a +2 mace of draining!
The gnoll misses you. The orc attacks as you move away!
The orc hits you with a +2 mace of draining.
* * * LOW HITPOINT WARNING * * *
Casting: Scorch (safe; 4% risk of failure) Flames lash the orc.
The orc is burned terribly!
You kill the orc!
Makhleb accepts your kill.
* * * LOW HITPOINT WARNING * * *
The gnoll hits you from afar with a +0 halberd.
* * * LOW HITPOINT WARNING * * *
The gnoll is no longer more vulnerable to fire.
You hit the plant.
The plant begins to die.
The gnoll hits you from afar with a +0 halberd!
You die...

#....# #####....#
...#....# #......###
####.......# #
#..........####
#..#######.##.........)#
..................######
###....)####g.@...#
##+##)# #'##P.†######
..+ #..#........# #..#
#..#....###.# ##+#
#+##...)#<#§#
#.....#.#.# #.....#...#
##....##### #....#


You could see a gnoll.

Vanquished Creatures
  3 gnolls (D:3)
  An adder (D:3)
  2 worms (D:2)
  3 dart slugs
  2 orcs
  4 endoplasms
  A giant cockroach (D:3)
  4 goblins
  4 hobgoblins
  4 jackals (D:4)
  3 kobolds
  2 quokkas (D:1)
  3 ball pythons
  3 bats
  2 frilled lizards (D:3)
  2 rats
43 creatures vanquished.

Vanquished Creatures (others)
  143 foxfires
143 creatures vanquished.

Grand Total: 186 creatures vanquished

Notes
Turn   | Place    | Note
-------+----------+-------------------------------------------
     0 | D:1      | ILmort the Djinni Fire Elementalist began the quest for the
                  | Orb.
     0 | D:1      | ILmort set off with the following spells memorised:
                  | Foxfire, Scorch, Conjure Flame, Inner Flame, Flame Wave.
     0 | D:1      | Reached XP level 1. HP: 15/15 MP: 0/0
   332 | D:1      | Reached XP level 2. HP: 13/21 MP: 0/0
   547 | D:1      | Reached skill level 3 in Spellcasting
   750 | D:1      | Found a faded altar of an unknown god.
  1088 | D:1      | Reached XP level 3. HP: 21/25 MP: 0/0
  1088 | D:1      | Learned a level 1 spell: Freeze
  3082 | D:3      | Reached XP level 4. HP: 20/31 MP: 0/0
  3546 | D:3      | Found a white marble altar of Elyvilon.
  3733 | D:3      | Found a transporter.
  3733 | D:3      | Noticed hofbold's ghost (amateur MiBe)
  3762 | D:3      | Found a transporter.
  3949 | D:3      | Found a burning altar of Makhleb.
  3956 | D:3      | Reached skill level 4 in Spellcasting
  3992 | D:3      | Became a worshipper of Makhleb the Destroyer
  4157 | D:4      | Slain by a gnoll

Illustrated notes

Levels and vault maps discovered:
D:1:      minmay_arrival_loop, layout_basic,
          hellmonk_ecumenical_altar_crossroads
D:2:      layout_basic
D:3:      layout_basic, bloody_makhleb, old_standard_altar,
          gammafunk_ghost_mausoleum
D:4:      corexii_shantytown, layout_basic, lemuel_zombie_altar_yredelemnul

Skill      XL: |  1  2  3  4 |
---------------+-------------+-----
Spellcasting   | 3 4 |  4.1
Dodging        | |  2.1
Stealth        | |  1.5

Action                   |  1- 3 |  4- 6 || total
-------------------------+-------+-------++-------
Melee: Dagger            |     5 |       ||     5
       Rapier            |       |     1 ||     1
 Cast: Foxfire           |    79 |    23 ||   102
       Scorch            |       |    19 ||    19
       Conjure Flame     |       |     1 ||     1
Armor: Robe              |     2 |       ||     2
Dodge: Dodged            |     5 |     8 ||    13
